 Dungeon Crawl Stone Soup version 0.30-a0-996-ga6910c8ee8 (webtiles) character file.

Game seed: 9266443051814151821

18129 Zeldest the Nimble (level 12, -1/67 HPs)
             Began as a Vampire Monk on Apr 4, 2023.
             Was a High Priest of Hepliaklqana.
             Killed from afar by an oklob plant (27 damage)
             ... with a splash of acid
             ... on level 3 of the Lair of Beasts.
             The game lasted 00:28:55 (12364 turns).

Zeldest the Nimble (Vampire Monk)                  Turns: 12364, Time: 00:28:55

Health: -1/67      AC:  0    Str: 10    XL:     12   Next: 25%
Magic:  0/19       EV: 36    Int: 12    God:    Hepliaklqana [*****.]
Gold:   587        SH:  0    Dex: 27    Spells: 11/11 levels left

rFire   . . .      SeeInvis +      - Unarmed
rCold   + + .      Faith    .    (shield currently unavailable)
rNeg    + + +      Spirit   +    a - melded +0 robe
rPois   ∞          Reflect  .    (helmet currently unavailable)
rElec   .          Rampage  .    (cloak currently unavailable)
rCorr   .                        (gloves currently unavailable)
Will    +....                    (boots currently unavailable)
Stlth   ++++++                   v - amulet of guardian spirit
HPRegen 0.00/turn                (ring currently unavailable)
MPRegen 0.16/turn                (ring currently unavailable)

@: bat-form, flying, bloodless, inhibited regen, very quick
A: fast, flying, no casting, reduced essence, tiny, bloodless, fangs 3, see
invisible, vampiric 2
a: Revivify, End Transformation, Renounce Religion, Recall Ancestor, Ancestor
Identity, Transference, Idealise


You were on level 3 of the Lair of Beasts.
You worshipped Hepliaklqana.
Hepliaklqana was extremely pleased with you.
You were a vampire bat.
You visited 2 branches of the dungeon, and saw 13 of its levels.
You also visited: Bailey and Gauntlet.

You collected 646 gold pieces.
You spent 59 gold pieces at shops.

Inventory:

Armour
 a - a +0 robe (melded)
Jewellery
 b - the ring of the Pariah {rN+ Int+2 Slay+5}
   (You found it in a Gauntlet)

   [ring of positive energy]

   Int:       It affects your intelligence (+2).
   Slay:      It affects your accuracy & damage with ranged weapons and melee
   (+5).
   rN:        It protects you from negative energy.
 l - an amulet of faith
 v - an amulet of guardian spirit (around neck)
 B - a ring of resist corrosion
Wands
 s - a wand of paralysis (18)
 t - a wand of polymorph (8)
 u - a wand of acid (2)
 y - a wand of flame (18)
Scrolls
 c - 2 scrolls of enchant armour {unknown}
 d - 3 scrolls of vulnerability {unknown}
 h - 3 scrolls of fear {unknown}
 i - a scroll of immolation {unknown}
 j - 2 scrolls of brand weapon {unknown}
 k - 3 scrolls of enchant weapon {unknown}
 m - 2 scrolls of amnesia {unknown}
 o - 6 scrolls of teleportation
 q - 4 scrolls of poison {unknown}
 r - a scroll of identify
 w - a scroll of magic mapping {unknown}
 D - a scroll of blinking {unknown}
Potions
 f - 2 potions of haste
 g - a potion of attraction
 n - 4 potions of curing
 x - a potion of heal wounds
 z - a potion of brilliance {unknown}
 A - 3 potions of mutation {unknown}
 C - a potion of invisibility {unknown}
Miscellaneous
 e - a phial of floods
 p - a tin of tremorstones (2/2)


   Skills:
 + Level 10.2 Fighting
 + Level 12.1 Dodging
 - Level 7.2 Stealth
 - Level 7.0 Unarmed Combat
 + Level 9.7 Invocations
 - Level 5.0 Evocations


You had 11 spell levels left.
You didn't know any spells.
Your spell library contained the following spells:

 Spells                   Type           Power      Damage    Failure   Level
 Apportation              Tloc           0%         N/A       32%         1
 Kiss of Death            Conj/Necr      0%         2d5       32%         1
 Necrotise                Necr           0%         1d4       32%         1
 Sting                    Tmut/Pois      0%         1d3       32%         1
 Summon Small Mammal      Summ           0%         N/A       32%         1
 Poisonous Vapours        Pois/Air       0%         N/A       45%         2
 Confusing Touch          Hex            0%         N/A       69%         3
 Animate Armour           Summ/Erth      0%         N/A       97%         4
 Dispel Undead            Necr           0%         3d6       97%         4
 Leda's Liquefaction      Hex/Erth       0%         N/A       97%         4
 Olgreb's Toxic Radiance  Pois           0%         N/A       97%         4
 Lee's Rapid Deconstruct  Erth           0%         3d4*      100%        5
 Statue Form              Tmut/Erth      0%         N/A       100%        6
 Shatter                  Erth           0%         3d5*      100%        9


Dungeon Overview and Level Annotations

Branches:
Dungeon (10/15) Zot: 26153  Temple (0/1) D:4            Lair (3/5) D:8 Zot: 16152
 Shoals (0/4) Lair:2          Orc (0/2) D:10         Bailey (visited)
Gauntlet (visited)
  Snake: Lair:2-3    Spider: Lair:2-3

Altars:
Dithmenos
Hepliaklqana
Kikubaaqudgha
Makhleb
Nemelex Xobeh
Ru
Uskayaw
Vehumet
Wu Jian

Shops:
D:4 (!**(   D:8 *

Annotations:
D:4 Crazy Yiuf
D:10 3 runed translucent doors, CornPuffBuddha's ghost, journeyman GnHu
Lair:3 exclusion: oklob plant


Innate Abilities, Weirdness & Mutations

You are a vampire bat.
You are tiny and dextrous.
You move quickly.
You are flying.
You are immune to poison.
Your equipment is almost entirely melded.
You are incapable of wielding weapons or throwing items.
You cannot cast spells.
Your life essence is reduced to manifest your ancestor. (-10% HP)
You do not regenerate when monsters are visible.
You are frail without blood (-20% HP).
You can heal yourself when you bite living creatures.
You are immune to poison.
You have razor-sharp teeth.
You have supernaturally acute eyesight. (SInv)
You are afflicted with vampirism and can become a bat while bloodless.


Message History

Found an escape hatch in the floor.
Magic restored.
Found an escape hatch in the ceiling.
An oklob plant comes into view.
Found a scroll labelled JAXTEA QOSO and 14 gold pieces.
Marking area around an oklob plant as unsafe for travelling.
Ahhotep is recalled.
The oklob plant spits acid at you. The splash of acid misses you.
What are your orders? t - Squeak!
Orders for allies: a - Attack new target. r - Retreat! s - Stop attacking. g - Guard the area. f - Follow me.
Anything else - Cancel.
Gang up on whom?
Press: ? - help, Dir - move target, f - oklob plant
Aim: an oklob plant (ally target) Attack!
Found a scroll of teleportation.
The oklob plant spits acid at you.
The splash of acid hits Ahhotep!!
The acid corrodes Ahhotep!
Ahhotep casts a spell at the oklob plant.
The puff of frost hits the oklob plant!
Found 17 gold pieces.
Hepliaklqana grants Ahhotep healing and protection!
Ahhotep is healed somewhat.
Ahhotep points at the oklob plant and mumbles some strange words.
The stone arrow hits the oklob plant!!
The oklob plant spits acid at you. The splash of acid hits you!!
The oklob plant spits acid at you. The splash of acid hits you!!
Ahhotep hits the bush with a +0 quarterstaff!!
The oklob plant spits acid at you. The splash of acid misses you.
Ahhotep hits the bush with a +0 quarterstaff!!
The oklob plant spits acid at you. The splash of acid hits you!!
You die...

....## ##.....#
###...?.. #
###.#..PPP ##..
+.....RPPP$ .....
#......PPP..
....##............
#..<...........
.##..b.........##
#..............$#
#...............#
#.........#.#....
8...#P......##.#.#.#.
...##......# ###...
.. #...#......# #. .#
..†.#.....##
##.###...##.....#


You could see the friendly Ahhotep the battlemage (corroded, idealised) and an
oklob plant (ally target).

Vanquished Creatures
  Gastronok (Lair:2)
  Harold (Lair:1)
  A two-headed ogre (D:9)
  3 elephants (Gauntlet)
  2 cane toads
  A queen bee (Gauntlet)
  2 trolls
  2 yaks
  A basilisk (Lair:2)
  A water moccasin (Lair:1)
  A sky beast (D:6)
  An ogre (Bailey)
  2 wolves (Lair:1)
  4 centaurs
  3 bullfrogs
  2 wights (D:8)
  3 killer bees (Gauntlet)
  4 howler monkeys
  A lava snake (D:8)
  A hound (D:6)
  An orc priest (D:8)
  2 orc wizards (D:10)
  7 gnolls
  6 adders
  A white imp (D:5)
  A worm (D:4)
  A dart slug (D:4)
  9 orcs
  3 ball pythons
  5 endoplasms
  2 goblins
  6 hobgoblins
  8 kobolds
  A quokka (D:2)
  A bat (D:1)
  3 frilled lizards
  4 rats
98 creatures vanquished.

Vanquished Creatures (collateral kills)
  Fannar (D:10)
  Erica (D:8)
  Urug (Lair:1)
  An elephant (Gauntlet)
  A black mamba (Lair:1)
  2 cane toads
  5 komodo dragons (Lair:1)
  A rime drake (Lair:3)
  Prince Ribbit (D:8)
  15 yaks
  A spriggan (Bailey)
  A wyvern (D:8)
  2 wargs (D:10)
  Menkaure (D:4)
  An acid dragon (D:10)
  4 water moccasins
  Duvessa (D:7)
  A black bear (D:6)
  A sky beast (D:6)
  An ice beast (D:6)
  3 orc warriors
  2 ogres (Bailey)
  3 wolves (Lair:1)
  2 centaurs (Lair:2)
  A phantom (D:5)
  3 kobold brigands
  3 bullfrogs
  4 gnoll sergeants
  3 scorpions
  3 wights (D:8)
  Dowan (D:7)
  2 killer bees (Gauntlet)
  4 jellies
  3 howler monkeys (D:9)
  A lava snake (D:8)
  4 hounds
  6 orc priests
  2 gnoll boudas (D:5)
  A sleepcap (D:7)
  3 iguanas
  6 orc wizards
  A statue (D:8)
  18 gnolls
  2 adders
  An ufetubus (D:7)
  2 dart slugs
  11 orcs
  A bat (D:2)
  3 endoplasms
  A giant cockroach (D:2)
  6 goblins
  2 hobgoblins
  3 jackals (D:3)
  A quokka (D:4)
  3 ball pythons (D:2)
  9 kobolds
  3 rats
170 creatures vanquished.

Vanquished Creatures (others)
  17 battlemagi
  4 fungi
  7 plants
28 creatures vanquished.

Grand Total: 296 creatures vanquished

Notes
Turn   | Place    | Note
-------+----------+-------------------------------------------
     0 | D:1      | Zeldest the Vampire Monk began the quest for the Orb.
     0 | D:1      | Reached XP level 1. HP: 17/17 MP: 1/1
   170 | D:1      | Reached XP level 2. HP: 18/18 MP: 2/2
   198 | D:1      | Found a faded altar of an unknown god.
   479 | D:1      | You fall into a shaft and drop 1 floor!
   986 | D:1      | Prayed at the altar of an unknown god.
   986 | D:1      | Became a worshipper of Hepliaklqana the Forgotten
   986 | D:1      | Reached * piety under Hepliaklqana
   986 | D:1      | Reached ** piety under Hepliaklqana
   987 | D:1      | Remembered your ancestor Ahhotep as a battlemage
  1098 | D:2      | Found a sparkling altar of Nemelex Xobeh.
  1150 | D:2      | Reached *** piety under Hepliaklqana
  1217 | D:2      | Gained mutation: You are afflicted with vampirism and can
                  | become a bat while bloodless. [Vampire growth]
  1217 | D:2      | Reached XP level 3. HP: 20/20 MP: 3/3
  1571 | D:3      | Reached XP level 4. HP: 24/24 MP: 2/4
  1787 | D:3      | Reached skill level 1 in Invocations
  2303 | D:4      | Found Buasmigg's Assorted Antiques.
  2306 | D:4      | Reached skill level 4 in Dodging
  2313 | D:4      | Bought a scroll labelled ZAILOGALAE for 29 gold pieces
  2318 | D:4      | Noticed a scorpion
  2331 | D:4      | Reached XP level 5. HP: 15/28 MP: 3/6
  2474 | D:4      | Found Xirah's Weapon Shoppe.
  2496 | D:4      | Noticed Menkaure
  2500 | D:4      | Killed Menkaure
  2501 | D:4      | Reached skill level 5 in Stealth
  2501 | D:4      | Reached XP level 6. HP: 33/33 MP: 7/7
  2513 | D:4      | Found a staircase to the Ecumenical Temple.
  2612 | D:4      | Found Qaegi's General Store.
  2680 | D:4      | Found Rovef's Weapon Boutique.
  2718 | D:4      | Found Rom Jotta's Distillery.
  2726 | D:4      | Bought a potion of curing for 30 gold pieces
  2793 | D:4      | Noticed a water moccasin
  2828 | D:5      | Entered Level 5 of the Dungeon
  2831 | D:5      | Reached XP level 7. HP: 33/37 MP: 8/8
  2870 | D:5      | Reached **** piety under Hepliaklqana
  2954 | D:5      | Reached skill level 5 in Dodging
  2956 | D:5      | Reached skill level 5 in Unarmed Combat
  3337 | D:5      | Found a burning altar of Makhleb.
  3337 | D:5      | Noticed a balrug
  3340 | D:5      | Noticed a smoke demon
  3340 | D:5      | Noticed a ynoxinul
  3607 | D:4      | Reached XP level 8. HP: 42/42 MP: 10/10
  3669 | D:4      | Found a runed translucent door.
  3670 | D:4      | Noticed Crazy Yiuf
  3937 | D:6      | Reached skill level 6 in Dodging
  3944 | D:6      | Reached skill level 5 in Fighting
  4213 | D:6      | Reached skill level 1 in Evocations
  4631 | D:7      | Noticed Duvessa
  4678 | D:7      | Noticed Dowan
  4694 | D:7      | Found a flagged portal.
  4705 | Bailey   | Entered a bailey
  4743 | Bailey   | Reached XP level 9. HP: 31/47 MP: 12/12
  5045 | D:7      | Reached ***** piety under Hepliaklqana
  5067 | D:7      | Killed Dowan
  5111 | D:7      | HP: 2/48 [gnoll sergeant/+0 spear (13)]
  5115 | D:7      | Reached skill level 7 in Dodging
  5371 | D:7      | Killed Duvessa
  5468 | D:8      | Noticed Erica
  5474 | D:8      | Killed Erica
  5475 | D:8      | Reached skill level 5 in Invocations
  5510 | D:8      | Noticed a troll
  5522 | D:8      | Killed a troll
  5676 | D:8      | Noticed Prince Ribbit
  5688 | D:8      | Killed Prince Ribbit
  5689 | D:8      | Reached skill level 8 in Dodging
  5793 | D:8      | Found a staircase to the Lair.
  5915 | D:8      | Found Cetreome's Fire Supplies.
  6294 | D:8      | Found a radiant altar of Vehumet.
  6301 | D:8      | Reached XP level 10. HP: 53/53 MP: 9/14
  6772 | D:9      | Noticed a two-headed ogre
  6849 | D:9      | Killed a two-headed ogre
  7217 | D:9      | Reached skill level 5 in Evocations
  7380 | D:9      | Found an ancient bone altar of Kikubaaqudgha.
  7575 | D:9      | Reached skill level 9 in Dodging
  7833 | D:9      | Found a shadowy altar of Dithmenos.
  7846 | D:9      | Found an ornate altar of the Wu Jian Council.
  7849 | D:9      | Found a sacrificial altar of Ru.
  7971 | D:9      | Found a hide-covered altar of Uskayaw.
  8109 | D:10     | Entered Level 10 of the Dungeon
  8409 | D:10     | Found a staircase to the Orcish Mines.
  8489 | D:10     | Found a runed translucent gate.
  8489 | D:10     | Found a runed translucent gate.
  8490 | D:10     | Found a runed translucent gate.
  8490 | D:10     | Noticed CornPuffBuddha's ghost (journeyman GnHu)
  8495 | D:10     | Noticed Fannar
  8500 | D:10     | Identified the +9 plate armour "Qikhel" {Harm Slay-2 SInv
                  | Stlth-}
  8516 | D:10     | Killed Fannar
  8517 | D:10     | Reached XP level 11. HP: 42/60 MP: 11/16
  8905 | D:10     | Reached skill level 10 in Dodging
  9290 | Lair:1   | Entered Level 1 of the Lair of Beasts
 10029 | Lair:1   | Noticed Urug
 10037 | Lair:1   | Killed Urug
 10147 | Lair:1   | Noticed Harold
 10167 | Lair:1   | Killed Harold
 10168 | Lair:1   | Reached skill level 11 in Dodging
 10667 | Lair:2   | Found a gate leading to a gauntlet.
 10676 | Gauntlet | Entered a Gauntlet
 10676 | Gauntlet | Found a transporter.
 10704 | Gauntlet | Found a transporter.
 10706 | Gauntlet | Found a transporter.
 10717 | Gauntlet | Found a transporter.
 10720 | Gauntlet | Found a transporter.
 10728 | Gauntlet | Noticed a catoblepas
 10740 | Gauntlet | Found a transporter.
 10747 | Gauntlet | Found a transporter.
 10757 | Gauntlet | Found a transporter.
 10764 | Gauntlet | Found a runed translucent gate.
 10764 | Gauntlet | Found a runed translucent gate.
 10764 | Gauntlet | Found a runed translucent gate.
 10767 | Gauntlet | Noticed a sixfirhy
 10768 | Gauntlet | Found a transporter.
 10769 | Gauntlet | Noticed a large abomination
 10770 | Gauntlet | Noticed a sixfirhy
 10771 | Gauntlet | Noticed a sixfirhy
 10773 | Gauntlet | Found a transporter.
 10773 | Gauntlet | Found a transporter.
 10796 | Gauntlet | Noticed an oklob plant
 10801 | Gauntlet | Found a transporter.
 10801 | Gauntlet | Found a transporter.
 10852 | Gauntlet | Found a transporter.
 11094 | Gauntlet | Identified the ring of the Pariah {rN+ Int+2 Slay+5}
 11290 | Gauntlet | Noticed a minotaur
 11343 | Gauntlet | Got the Papyrus of Open Graves and Spelunking
 11398 | Lair:2   | Found a staircase to the Shoals.
 11584 | Lair:2   | Noticed Gastronok
 11604 | Lair:2   | Killed Gastronok
 11605 | Lair:2   | Reached XP level 12. HP: 28/67 MP: 3/19
 11776 | Lair:2   | Reached skill level 10 in Fighting
 12204 | Lair:3   | Reached skill level 12 in Dodging
 12364 | Lair:3   | Killed from afar by an oklob plant

Illustrated notes

Levels and vault maps discovered:
D:1:      dpeg_arrival_erosion, layout_basic,
          shapermc_ecumenical_altar_notcrosses
D:2:      minmay_alternating_diamond, layout_basic, basic_altar, minivault_19
D:3:      layout_loops_ring, nicolae_overflow_hidden_temple,
          corexii_leaking_fountain
D:4:      layout_rooms, minmay_temple_entry_hall, serial_shops, shop,
          nicolae_shop_bloodbath_and_beyond, nicolae_square_shop,
          nicolae_square_shop, shop, minmay_misc_feat_tiny,
          uniq_crazy_yiuf_cottage, uniq_menkaure
D:5:      layout_basic, makhleb_altar_promises_db
D:6:      layout_basic
D:7:      layout_rooms, elyvilon_altar_4, enter_bailey_6,
          minmay_misc_feat_enclosed, uniq_duvessa
D:8:      layout_loops_cross, vehumet_statue, kennysheep_big_empty_room,
          nicolae_shop_fire_sale [nicolae_sub_dead_trees], uniq_erica,
          uniq_prince_ribbit1
D:9:      layout_stronghold, mainiacjoe_overflow_big_doors,
          mainiacjoe_overflow_paths, minmay_overflow_temple_star_quad
D:10:     layout_stronghold, erik_orc_4, biasface_ghost_orc_armoury, uniq_fannar
Lair:1:   layout_regular_city, chequers_serial_rivers_room_b,
          beast_lair_carwin_3, grunt_megastairs_2, lemuel_fruit_tree, uniq_urug,
          uniq_harold
Lair:2:   layout_regular_city, minmay_shoals_entry_centaurs,
          gauntlet_entry_generic, uniq_gastronok
Lair:3:   layout_chaotic_city, spider_nest_entry_webs, minmay_lair_oklob_bushes,
          grunt_megastairs_4

Skill      XL: |  1  2  3  4  5  6  7  8  9 10 11 12 |
---------------+-------------------------------------+-----
Fighting       | 3 4 5 6 8 9 10 | 10.2
Stealth        | 4 5 7 |  7.2
Invocations    | 1 2 3 4 5 7 9 |  9.7
Dodging        | 4 5 6 8 9 11 12 | 12.1
Unarmed Combat | 4 5 6 7 |  7.0
Evocations     | 2 4 5 |  5.0

Action                     |  1- 3 |  4- 6 |  7- 9 | 10-12 || total
---------------------------+-------+-------+-------+-------++-------
  Melee: Unarmed           |    63 |    55 |   136 |   390 ||   644
         Bite              |    12 |     5 |    26 |    68 ||   111
         Punch             |     2 |       |       |       ||     2
 Invoke: Ancestor Life: Ba |     1 |       |       |       ||     1
         Recall Ancestor   |     1 |     3 |    11 |    27 ||    42
         Idealise          |       |       |     1 |    13 ||    14
Ability: Exsanguinate      |     1 |       |       |       ||     1
         Bat Form          |     1 |       |       |       ||     1
  Evoke: Wand              |       |       |     6 |    10 ||    16
    Use: Potion            |       |       |     1 |     4 ||     5
         Scroll            |       |       |       |     7 ||     7
   Stab: Sleeping          |    11 |    11 |     7 |     7 ||    36
         Paralysed         |       |       |     4 |       ||     4
         Distracted        |       |       |     3 |     9 ||    12
 Armour: Robe              |     2 |       |       |       ||     2
  Dodge: Dodged            |    52 |    40 |   175 |   551 ||   818

Table legend: (Time is in decaauts)
 A = Elapsed time spent in this place.
 B = Non-inter-level travel time spent in this place.
 C = Inter-level travel time spent in this place.
 D = Time resting spent in this place.
 E = Time spent auto-exploring this place.
 F = Levels seen in this place.
 G = Mean time per level.
                   A        B        C        D        E       F      G
               +--------+--------+--------+--------+--------+-----+--------+
         Total |   9450 |   9128 |    322 |   2861 |   4065 |  15 |  630.0 |
       Dungeon |   6953 |   6659 |    294 |   1819 |   3241 |  10 |  695.3 |
          Lair |   1847 |   1820 |     27 |    771 |    694 |   3 |  615.7 |
        Bailey |    118 |    118 |      0 |     57 |      3 |   1 |  118.0 |
      Gauntlet |    530 |    530 |      0 |    214 |    126 |   1 |  530.0 |
               +--------+--------+--------+--------+--------+-----+--------+

Top non-repeatable levels by time:
     D:9: 1131 daAuts
  Lair:1: 1083 daAuts
     D:1: 986 daAuts
     D:8: 844 daAuts
    D:10: 785 daAuts
     D:7: 645 daAuts
  Lair:2: 633 daAuts
     D:6: 625 daAuts
Gauntlet: 530 daAuts
     D:3: 509 daAuts
     D:5: 498 daAuts
     D:4: 478 daAuts
     D:2: 447 daAuts
  Lair:3: 130 daAuts
  Bailey: 118 daAuts
